 Dungeon Crawl Stone Soup version 0.22-a0-322-g60b3cfd (webtiles) character file.

27240 4thArraOfDagon the Executioner (level 13, -2/111 HPs)
             Began as a Hill Orc Conjurer on Apr 4, 2018.
             Was an Elder of Beogh.
             Killed from afar by Azrael (17 damage)
             ... with a bolt of fire
             ... on level 2 of the Orcish Mines.
             The game lasted 00:49:20 (16787 turns).

4thArraOfDagon the Executioner (Hill Orc Conjurer) Turns: 16787, Time: 00:49:21

Health: -2/111     AC: 10    Str: 16    XL:     13   Next: 31%
Magic:  17/20      EV: 11    Int: 19    God:    Beogh [****..]
Gold:   1564       SH:  0    Dex:  6    Spells: 14/15 levels left

rFire    . . .     SeeInvis +   s - +2 whip (elec)
rCold    + . .     Gourm    +   (no shield)
rNeg     . . .     Faith    .   Q - +2 leather armour of the Hot Ocelot {MR++ Dex-5 SInv}
rPois    .         Spirit   .   o - +1 helmet
rElec    .         Reflect  .   (no cloak)
rCorr    .         Harm     .   (no gloves)
MR       ++...                  j - +2 pair of boots
Stlth    +.........             x - amulet of the gourmand
HPRegen  0.00/turn              e - +4 ring of strength
MPRegen  0.17/turn              r - ring of protection from cold

@: hasted, very quick
A: inhibited regeneration, wild magic 1
a: Smiting, Recall Orcish Followers, Renounce Religion


You were on level 2 of the Orcish Mines.
You worshipped Beogh.
Beogh was greatly pleased with you.
You were full.

You visited 2 branches of the dungeon, and saw 17 of its levels.
You also visited: Ossuary.

You collected 1564 gold pieces.

Inventory:

Hand Weapons
 d - a +0 hand axe
 q - a +0 spear of freezing
 s - a +2 whip of electrocution (weapon)
 y - a +0 war axe
 K - a +2 hand axe of chopping
 O - a +0 blowgun
 Z - a +0 battleaxe
Missiles
 g - 10 javelins (quivered)
 k - 2 throwing nets
 v - 7 curare-tipped needles
Armour
 a - a +0 robe
 f - a +0 plate armour
 j - a +2 pair of boots (worn)
 l - a +0 ring mail
 o - a +1 helmet (worn)
 J - the +1 leather armour of Agoraphobia {rElec Int-3 Dex+6 Stlth-}
   (You found it on level 7 of the Dungeon)

   It affects your intelligence (-3).
   It affects your dexterity (+6).
   It insulates you from electricity.
   It makes you less stealthy.
 Q - the +2 leather armour of the Hot Ocelot (worn) {MR++ Dex-5 SInv}
   (You found it on level 10 of the Dungeon)

   It affects your dexterity (-5).
   It affects your resistance to hostile enchantments.
   It lets you see invisible.
Jewellery
 e - a +4 ring of strength (left hand)
 r - a ring of protection from cold (right hand)
 x - an amulet of the gourmand (around neck)
 M - an uncursed ring of ice
 S - a -2 ring of protection
Wands
 i - a wand of paralysis (12)
 w - a wand of polymorph (3)
 H - a wand of acid (6)
 P - a wand of scattershot (7)
 V - a wand of flame (12)
 W - a wand of disintegration (6)
Scrolls
 h - 3 scrolls of enchant armour
 m - 2 scrolls of fear
 p - a scroll of amnesia
 t - 8 scrolls of remove curse
 C - 4 scrolls of fog
 E - 2 scrolls of enchant weapon
 T - 2 scrolls of summoning
 X - a scroll of holy word
 Y - a scroll of immolation
Potions
 b - 5 potions of flight
 n - a potion of magic
 u - a potion of lignification
 z - a potion of might
 A - 8 potions of brilliance
 G - 2 potions of haste
 N - 2 potions of curing
 R - a potion of invisibility
 U - a potion of agility
Miscellaneous
 L - a lamp of fire (inert)
Comestibles
 c - 21 rations


   Skills:
 + Level 9.3 Fighting
 - Level 22.0 Axes
 + Level 3.0 Armour
 - Level 1.5 Dodging
 - Level 1.5 Stealth
 - Level 1.5 Spellcasting
 - Level 4.0 Conjurations
 - Level 10.0 Invocations


You had 14 spell levels left.
You knew the following spells:

 Your Spells              Type           Power        Failure   Level  Hunger
a - Magic Dart            Conj           ###.         7%          1    ##.....


Dungeon Overview and Level Annotations

Branches:
Dungeon (15/15)            Temple (0/1) D:6            Lair (0/6) D:11
    Orc (2/2) D:9          Depths (0/5) D:15
    Elf: Orc:2       Vaults: D:13-14

Altars:
Ashenzari
Cheibriados
Dithmenos
Elyvilon
Fedhas
Gozag
Nemelex Xobeh
Qazlal
Sif Muna
Uskayaw
Vehumet
Yredelemnul
Zin
Beogh

Annotations:
D:3 1 runed door, Sigmund
D:7 Joseph
D:8 xccam's ghost, novice GnWn
D:14 Louise; Urug
D:15 galech's ghost, journeyman TrMo
Orc:2 Azrael


Innate Abilities, Weirdness & Mutations

You do not regenerate when monsters are visible.
Your spells are a little harder to cast, but a little more powerful.


Message History

The hell hound breathes flames at you. The blast of flame misses you.
Azrael the Boundless Flame comes into view.
He is wielding a scimitar of flaming.
Unknown command.
Unknown command.
You feel yourself speed up.
The hell hound bites you but does no damage.
The hell hound closely misses you.
Your orc hits the hell hound.
Unknown command.
Okay, then.
Aiming: Smiting
Press: ? - help, Dir - move target cursor, f - Azrael Smite: Azrael, wielding a scimitar of flaming You smite Azrael!
Azrael is moderately wounded.
The hell hound barely misses your orc. Azrael gestures at you.
The bolt of fire hits the hell hound.
The hell hound completely resists.
The bolt of fire hits you!
You die...

### ## #.#### ##. ###....##
##.. .. ##.......## #...
...#.$ #.........# ##...
......####@.......## ##.... .#
........#ho........###.....
....
....§..(......#........#..
......#
#.§.§R.......#.......###.
.......###..........###......#
##
...................#.#...#.##
..................#.......#
##.......[........#.......#
#........^..#..........#... ..


You could see Azrael, a hell hound and a friendly orc.

Vanquished Creatures
  The ghost of DEFE the Grappler, a journeyman TrMo of Jiyva (Orc:2)
  An ettin (Orc:2)
  A hydra (D:15)
  2 centaur warriors
  The ghost of Nib the Covert, a journeyman OpAs of Okawaru (D:10)
  5 two-headed ogres
  A tengu warrior (D:14)
  The ghost of xccam the Fighter, a novice GnWn (D:5)
  An unseen horror (D:15)
  A wolf spider zombie (D:15)
  2 orc sorcerers (Orc:2)
  2 orc knights
  An ugly thing (D:12)
  A cyclops (D:10)
  3 gargoyles
  A redback zombie (D:14)
  A troll (Orc:1)
  A troll (shapeshifter) (D:13)
  12 slime creatures
  A meliai zombie (D:11)
  2 wyverns (D:10)
  2 shadows
  A steam dragon (D:11)
  2 fire elementals (Orc:2)
  2 hungry ghosts
  5 yaks (D:10)
  3 vampire mosquitoes
  A warg (Orc:2)
  A soldier ant (D:12)
  Duvessa (D:7)
  A hell hound (Orc:2)
  A swamp drake (D:9)
  8 orc warriors
  7 ice beasts
  3 phantoms
  4 black bears
  3 sky beasts
  7 ogres
  A boggart (D:6)
  5 centaurs
  A big kobold (D:9)
  5 bullfrogs (D:7)
  A water moccasin zombie (D:7)
  Dowan (D:7)
  A scorpion (D:10)
  3 wights (D:11)
  2 killer bees (D:12)
  7 howler monkeys
  2 bullfrog zombies
  2 centaur zombies
  4 crimson imps
  2 quasits (D:8)
  A hound (D:8)
  4 jellies
  2 centaur skeletons
  2 human zombies (Ossuary)
  4 orc priests
  2 bullfrog skeletons
  3 iguanas
  4 orc wizards
  Jessica (D:3)
  2 human skeletons (D:6)
  2 worker ants
  A killer bee zombie (D:7)
  A big kobold zombie (Ossuary)
  A hound zombie (D:5)
  4 mummies (Ossuary)
  2 worker ant zombies
  A howler monkey zombie (D:5)
  12 adders
  7 gnolls
  A shadow imp (D:7)
  An adder zombie (D:7)
  2 adder skeletons
  2 worms
  2 dart slugs
  5 leopard geckos
  30 orcs
  2 ball pythons
  5 giant cockroaches
  8 hobgoblins
  2 jackals (D:4)
  4 quokkas
  5 bats
  3 frilled lizards
  A gnoll zombie (Ossuary)
  3 goblin zombies (Ossuary)
  A jackal zombie (D:5)
  11 kobolds
  A leopard gecko skeleton (D:8)
  A leopard gecko zombie (D:5)
  3 orc skeletons (D:6)
  2 orc zombies
  9 rats
291 creatures vanquished.

Vanquished Creatures (collateral kills)
  2 two-headed ogres
  A skeletal warrior (D:11)
  An unseen horror (D:15)
  A deep elf mage (D:15)
  A cyclops (Orc:2)
  A centaur zombie (D:15)
  A tengu conjurer (D:14)
  2 trolls
  3 slime creatures
  2 wyverns
  2 yaks (D:10)
  A vampire mosquito (D:13)
  An acid dragon (D:13)
  An eye of draining (D:10)
  2 orc warriors (Orc:2)
  A necrophage (D:12)
  5 ogres
  3 centaurs (D:15)
  A crocodile (D:11)
  A big kobold (D:12)
  A bullfrog (D:13)
  A killer bee (D:12)
  2 howler monkeys (D:12)
  2 crimson imps
  A jelly (D:10)
  An orc wizard (D:12)
  A bullfrog skeleton (D:10)
  A howler monkey skeleton (D:11)
  A leopard gecko (D:7)
  7 orcs
  3 bats (Orc:2)
  A kobold (D:10)
55 creatures vanquished.

Vanquished Creatures (others)
  An orc sorcerer (D:15)
  An orc knight (D:15)
  8 orc warriors
  4 orc priests
  7 orc wizards
  31 orcs
  A giant cockroach (D:3)
53 creatures vanquished.

Grand Total: 399 creatures vanquished

Notes
Turn   | Place    | Note
-------+----------+-------------------------------------------
     0 | D:1      | 4thArraOfDagon the Hill Orc Conjurer began the quest for the Orb.
     0 | D:1      | Reached XP level 1. HP: 14/14 MP: 3/3
   104 | D:1      | Reached skill level 1 in Fighting
   349 | D:1      | Reached XP level 2. HP: 3/24 MP: 0/4
   632 | D:1      | Reached skill level 1 in Axes
   956 | D:2      | Reached XP level 3. HP: 18/30 MP: 5/5
   990 | D:2      | Reached skill level 2 in Axes
   990 | D:2      | Reached skill level 1 in Armour
  1536 | D:2      | Reached XP level 4. HP: 11/37 MP: 6/6
  1945 | D:3      | Noticed Sigmund
  2088 | D:3      | Reached skill level 3 in Axes
  2100 | D:3      | Found a hide-covered altar of Uskayaw.
  2173 | D:3      | Became a worshipper of Beogh the Brigand
  2262 | D:3      | Noticed Jessica
  2278 | D:3      | Killed Jessica
  2278 | D:3      | Reached XP level 5. HP: 44/45 MP: 7/7
  2473 | D:2      | Reached skill level 4 in Axes
  2506 | D:3      | Found a deep blue altar of Sif Muna.
  2542 | D:3      | Found a runed door.
  2578 | D:4      | Found an opulent altar of Gozag.
  2605 | D:4      | Noticed a phantom
  2623 | D:5      | Entered Level 5 of the Dungeon
  2623 | D:5      | Noticed xccam's ghost (novice GnWn)
  2638 | D:5      | Noticed an ogre
  2638 | D:5      | Noticed a hungry ghost
  2765 | D:4      | Found a sparkling altar of Nemelex Xobeh.
  2847 | D:3      | incredible
  2855 | D:3      | Killed a phantom
  2855 | D:3      | Reached skill level 5 in Axes
  2855 | D:3      | Reached XP level 6. HP: 13/52 MP: 8/8
  3218 | D:4      | Reached * piety under Beogh
  3255 | D:4      | Found a white marble altar of Elyvilon.
  4015 | D:5      | Reached skill level 6 in Axes
  4016 | D:5      | Reached XP level 7. HP: 60/60 MP: 9/9
  4112 | D:5      | Reached skill level 7 in Axes
  4133 | D:5      | Found an opulent altar of Gozag.
  4170 | D:5      | Reached skill level 5 in Fighting
  4207 | D:5      | Killed a hungry ghost
  4270 | D:5      | Reached skill level 8 in Axes
  4406 | D:5      | Reached XP level 8. HP: 70/70 MP: 10/10
  4557 | D:6      | Noticed a two-headed ogre
  4743 | D:6      | Killed a two-headed ogre
  4743 | D:6      | Reached skill level 10 in Axes
  4745 | D:6      | Reached ** piety under Beogh
  4793 | D:6      | Reached XP level 9. HP: 74/79 MP: 10/12
  4826 | D:6      | Found a sand-covered staircase.
  4831 | Ossuary  | Entered an ossuary
  4940 | Ossuary  | Gained mutation: You do not regenerate when monsters are visible. [potion of mutation]
  4940 | Ossuary  | Gained mutation: Your spells are a little harder to cast, but a little more powerful. [potion of mutation]
  4945 | Ossuary  | :(
  5134 | D:6      | Found a staircase to the Ecumenical Temple.
  5148 | D:6      | Reached skill level 11 in Axes
  5596 | D:6      | Found a radiant altar of Vehumet.
  5769 | D:5      | Found a basalt altar of Yredelemnul.
  5824 | D:5      | Killed xccam's ghost
  5824 | D:5      | Reached skill level 5 in Invocations
  5991 | D:5      | Reached skill level 12 in Axes
  6046 | D:7      | Found a shattered altar of Ashenzari.
  6179 | D:7      | Noticed Joseph
  6498 | D:7      | Found a shadowy altar of Dithmenos.
  6564 | D:7      | Reached *** piety under Beogh
  6594 | D:8      | Noticed xccam's ghost (novice GnWn)
  6627 | D:7      | Reached XP level 10. HP: 51/90 MP: 14/14
  7010 | D:7      | Noticed Duvessa
  7036 | D:7      | Killed Duvessa
  7054 | D:7      | Noticed Dowan
  7065 | D:7      | Killed Dowan
  7109 | D:7      | Reached skill level 13 in Axes
  7120 | D:7      | Found a blossoming altar of Fedhas.
  7742 | D:7      | Got an amber-studded leather armour
  7755 | D:7      | Identified the cursed +1 leather armour of Agoraphobia {rElec Int-3 Dex+6 Stlth-} (You found it on level 7 of the Dungeon)
  8376 | D:8      | Found a glowing silver altar of Zin.
  8531 | D:9      | Found a stormy altar of Qazlal.
  8582 | D:9      | Found a snail-covered altar of Cheibriados.
  8801 | D:10     | Entered Level 10 of the Dungeon
  8823 | D:10     | Reached skill level 14 in Axes
  8824 | D:10     | Noticed a cyclops
  8833 | D:9      | Reached **** piety under Beogh
  9568 | D:10     | Killed a cyclops
  9672 | D:10     | Got a faintly glowing leather armour
  9693 | D:10     | Reached XP level 11. HP: 74/97 MP: 17/17
  9702 | D:10     | Reached skill level 15 in Axes
  9789 | D:10     | Noticed Nib's ghost (journeyman OpAs)
  9929 | D:10     | Killed Nib's ghost
  9998 | D:11     | Found a staircase to the Lair.
 10098 | D:11     | Noticed a two-headed ogre
 10105 | D:11     | Killed a two-headed ogre
 10105 | D:11     | Reached skill level 10 in Invocations
 10162 | D:11     | Identified the +2 leather armour of the Hot Ocelot {MR++ Dex-5 SInv} (You found it on level 10 of the Dungeon)
 10186 | D:11     | Noticed a two-headed ogre
 10195 | D:11     | Killed a two-headed ogre
 10262 | D:11     | Reached skill level 16 in Axes
 10305 | D:12     | Noticed a skeletal warrior
 10305 | D:12     | Noticed a skeletal warrior
 10305 | D:12     | Noticed a skeletal warrior
 10308 | D:12     | Noticed a skeletal warrior
 10351 | D:11     | Killed a skeletal warrior
 10424 | D:11     | Noticed a two-headed ogre
 10428 | D:11     | Noticed a two-headed ogre
 10439 | D:11     | Killed a two-headed ogre
 10446 | D:11     | Killed a two-headed ogre
 10452 | D:11     | Reached ***** piety under Beogh
 10775 | D:11     | Reached skill level 17 in Axes
 10989 | D:12     | Noticed a cyclops
 10991 | D:12     | Noticed a cyclops
 11326 | D:12     | Noticed an orc knight
 11572 | D:12     | Noticed a green ugly thing
 11572 | D:12     | Gained Gorbash as an ally
 11890 | D:13     | Reached skill level 18 in Axes
 11901 | D:13     | Reached XP level 12. HP: 63/104 MP: 19/19
 12335 | D:13     | Noticed a rakshasa
 12344 | D:14     | Noticed a tengu warrior
 12351 | D:14     | Killed a tengu warrior
 12517 | D:14     | Noticed Louise
 12527 | D:15     | Entered Level 15 of the Dungeon
 12661 | D:15     | Noticed a seven-headed hydra
 12673 | D:15     | Killed a seven-headed hydra
 12683 | D:15     | Noticed a centaur warrior
 12695 | D:15     | Killed a centaur warrior
 12695 | D:15     | Reached skill level 19 in Axes
 12918 | D:15     | Noticed a two-headed ogre
 12933 | D:15     | Killed a two-headed ogre
 13371 | D:15     | Noticed galech's ghost (journeyman TrMo)
 14015 | D:15     | Your ally Gorbash died
 14292 | D:15     | Reached skill level 20 in Axes
 14452 | D:14     | Noticed Urug
 14641 | D:15     | Found a staircase to the Depths.
 14641 | D:15     | Noticed a fire giant
 14871 | D:14     | Noticed a two-headed ogre
 14893 | D:14     | Killed a two-headed ogre
 15168 | D:14     | Noticed a centaur warrior
 15183 | D:14     | Killed a centaur warrior
 15192 | D:14     | Found a glowing silver altar of Zin.
 15192 | D:14     | Noticed an angel
 15224 | D:14     | Noticed a five-headed hydra
 15774 | D:12     | Reached skill level 21 in Axes
 15774 | D:12     | Reached XP level 13. HP: 51/111 MP: 20/20
 16165 | D:9      | Found a staircase to the Orcish Mines.
 16257 | Orc:1    | Entered Level 1 of the Orcish Mines
 16317 | Orc:2    | Entered Level 2 of the Orcish Mines
 16467 | Orc:2    | Noticed DEFE's ghost (journeyman TrMo)
 16475 | Orc:2    | Killed DEFE's ghost
 16576 | Orc:2    | Gained Bogwald as an ally
 16613 | Orc:2    | Your ally Bogwald died
 16639 | Orc:2    | Found a roughly hewn altar of Beogh.
 16672 | Orc:2    | Noticed an ettin
 16674 | Orc:2    | Killed an ettin
 16735 | Orc:2    | Reached skill level 22 in Axes
 16784 | Orc:2    | Noticed Azrael
 16787 | Orc:2    | Killed from afar by Azrael

Vault maps used:
D:1:      roderic_crossed_star, minmay_pentomino_w4
D:3:      lemuel_doored_altar, lemuel_coloured_pillars_altar,
          uniq_crazy_yiuf_cottage, uniq_sigmund, uniq_jessica
D:4:      old_standard_altar, nemelex_xobeh_ov_fountains_minmay,
          elyvilon_altar_1
D:5:      marbit_many_paths, first_ration,
          nicolae_gozag_cash_rules_everything_around_me
D:6:      nicolae_overflow_crystal_walls, temple_statues,
          nicolae_ossuary_entry_catacombs
D:7:      grunt_dithmenos_shadows, lemuel_crystal_altar, basic_altar,
          grunt_decor_resistance, uniq_duvessa, uniq_joseph
D:8:      zin_treasury, kennysheep_mini
D:9:      kennysheep_little_box, erik_orc_1, basic_altar
D:11:     lair_entry_dummy
D:12:     blue_anna_alchemist, uniq_harold
D:13:     hangedman_vaults_entry_quadrant_bands, lemuel_blue_sif_altar
D:14:     zin_angel, uniq_urug, uniq_louise
D:15:     grunt_enter_depths_giant_problem
Orc:1:    serial_shops, nicolae_shop_statue_plus, mines3_lemuel
Orc:2:    grunt_orc_cross, basic_altar, enter_volcano_4, mines_bat_river,
          uniq_azrael
Ossuary:  ossuary_crypta

Skill      XL: |  1  2  3  4  5  6  7  8  9 10 11 12 13 |
---------------+----------------------------------------+-----
Fighting       | 1 2 3 4 5 7 8 9 |  9.3
Axes           | 1 2 3 5 6 8 10 12 14 18 21 22 | 22.0
Armour         | 1 2 3 |  3.0
Invocations    | 4 6 9 10 | 10.0
Dodging        | |  1.5
Stealth        | |  1.5
Spellcasting   | |  1.5
Conjurations   | |  4.0

Action                   |  1- 3 |  4- 6 |  7- 9 | 10-12 | 13-15 || total
-------------------------+-------+-------+-------+-------+-------++-------
Melee: Unarmed           |    18 |       |    34 |       |       ||    52
       Hand axe          |   146 |   241 |       |   420 |       ||   807
       Spear             |       |    12 |       |       |       ||    12
       Whip              |       |    16 |   290 |   269 |    88 ||   663
       War axe           |       |       |    53 |       |       ||    53
Throw: Javelin           |     8 |     1 |     1 |     3 |       ||    13
 Cast: Magic Dart        |    23 |       |       |       |       ||    23
Invok: Convert to Beogh  |       |     1 |       |       |       ||     1
       Recall Orcish Fol |       |       |       |     2 |     2 ||     4
       Smiting           |       |       |       |       |    12 ||    12
Evoke: Wand              |       |       |    14 |    28 |     8 ||    50
       Lamp of fire      |       |       |       |     2 |       ||     2
  Use: Potion            |     5 |     2 |     2 |     5 |     2 ||    16
       Scroll            |     2 |     2 |     8 |    15 |     4 ||    31
 Stab: Confused          |       |       |     2 |       |       ||     2
       Paralysed         |       |       |       |    47 |     4 ||    51
       Distracted        |       |       |       |     1 |       ||     1
  Eat: Chunk             |     3 |     4 |    13 |    37 |     2 ||    59
       Ration            |       |     1 |     2 |       |       ||     3
Armor: Robe              |    11 |       |       |       |       ||    11
       Plate armour      |   171 |   158 |       |    47 |       ||   376
       Ring mail         |       |    17 |   108 |    48 |       ||   173
       Skin              |       |       |     3 |    13 |       ||    16
       Leather armour    |       |       |       |   139 |    14 ||   153
Dodge: Dodged            |    38 |    64 |   158 |   282 |    32 ||   574

Table legend:
 A = Spawn XP
 B = Non-spawn XP
 C = Spawn XP percentage of total XP
 D = Spawn monster count
 E = Non-spawn monster count
 F = Spawn count percentage of total count
 G = Total turns spent on level
                    A         B        C        D         E        F      G
               +---------+---------+-------+---------+---------+-------+---------
         Total |       0 |   38915 |   0.0 |       0 |     344 |   0.0 | 16787
               +---------+---------+-------+---------+---------+-------+---------
           D:1 |       0 |      31 |   0.0 |       0 |      18 |   0.0 |   880
           D:2 |       0 |      83 |   0.0 |       0 |      20 |   0.0 |  1192
           D:3 |       0 |     269 |   0.0 |       0 |      22 |   0.0 |   872
           D:4 |       0 |     140 |   0.0 |       0 |      15 |   0.0 |  1093
           D:5 |       0 |    2008 |   0.0 |       0 |      32 |   0.0 |   975
           D:6 |       0 |    1770 |   0.0 |       0 |      28 |   0.0 |  1515
           D:7 |       0 |    1663 |   0.0 |       0 |      25 |   0.0 |  1174
           D:8 |       0 |     557 |   0.0 |       0 |      11 |   0.0 |   489
           D:9 |       0 |     921 |   0.0 |       0 |      13 |   0.0 |  1267
          D:10 |       0 |    3783 |   0.0 |       0 |      26 |   0.0 |   518
          D:11 |       0 |    4528 |   0.0 |       0 |      22 |   0.0 |  1558
          D:12 |       0 |    2224 |   0.0 |       0 |      20 |   0.0 |   241
          D:13 |       0 |    3519 |   0.0 |       0 |      18 |   0.0 |  1337
          D:14 |       0 |    3909 |   0.0 |       0 |       9 |   0.0 |   848
          D:15 |       0 |    7455 |   0.0 |       0 |      25 |   0.0 |  2114
         Orc:1 |       0 |     331 |   0.0 |       0 |       3 |   0.0 |    52
         Orc:2 |       0 |    5535 |   0.0 |       0 |      25 |   0.0 |   470
       Ossuary |       0 |     189 |   0.0 |       0 |      12 |   0.0 |   192
               +---------+---------+-------+---------+---------+-------+---------
